AoeStats
← 739697286

Arena

507257550Analyzed
4v4 RM · 16d ago on Sep 17, 2026· 16m 35s· 8 players
Game mode
Random Map
Map size
Large (8 player)
Population
200
Speed
Normal
Resources
Standard
Victory
Conquest
Starting age
Dark Age
Ending age
Imperial Age
RankedLock teamsTeams togetherTeam positionsShared explorationLock speedFull tech treeHidden civsTurbo modeCheats
Victory
Defeat
🇲🇽 Cumans · Mexico
1487
+15
🇫🇷 Huns · France
1442
+17
🇫🇷 Hindustanis · France
1433
+17
🇩🇪 Italians · Germany
1416
+19
🇭🇰 Britons · Hong Kong SAR China
1489
-18
🇨🇳 Bengalis · China
1466
-17
🇷🇺 Berbers · Russia
1456
-17
🇨🇳 Franks · China
1441
-16
CrazyBen
11:19 Feudal Age
12:09 Double-Bit Axe
12:38 Horse Collar
15:00 Castle Age
15:56 Bow Saw
15:48 Heavy Plow
Basti8712
10:45 Feudal Age
12:36 Double-Bit Axe
15:09 Castle Age
14:02 Stone Mining
13:55 Horse Collar
berber.sinan
10:38 Feudal Age
11:51 Double-Bit Axe
11:54 Horse Collar
14:29 Castle Age
15:29 Bow Saw
Dazkarich
8:38 Feudal Age
9:25 Loom
9:37 Double-Bit Axe
Tatan
10:52 Feudal Age
12:25 Wheelbarrow
12:11 Double-Bit Axe
15:13 Castle Age
12:59 Horse Collar
网恋被骗50块
11:12 Feudal Age
15:10 Castle Age
13:20 Double-Bit Axe
13:18 Horse Collar
Septim
10:29 Feudal Age
14:27 Castle Age
13:02 Double-Bit Axe
13:44 Horse Collar
15:05 Wheelbarrow
15:32 Bow Saw
739697286
11:01 Feudal Age
12:29 Double-Bit Axe
15:16 Castle Age
14:47 Loom
16:37 Bow Saw
Connection lost

Rejoining the realm…

Still unreachable

The connection could not be restored.

Session expired

The server has moved on; the page needs a fresh start.